 Dungeon Crawl Stone Soup version 0.30.1-4-g462c640d31 (webtiles) character file.

Game seed: 17583462713787224610

183196 Anriel the Devastator (level 17, -8/111 HPs)
             Began as a Demigod Conjurer on Aug 28, 2023.
             Mangled by a wolf spider (12 damage)
             ... on level 4 of the Spider Nest on Aug 30, 2023.
             The game lasted 04:07:13 (43187 turns).

Anriel the Devastator (Demigod Conjurer)           Turns: 43187, Time: 04:07:15

Health: -8/111     AC:  3    Str: 12    XL:     17   Next: 15%
Magic:  20/41      EV:  9    Int: 44    God:
Gold:   1764       SH:  0    Dex: 15    Spells: 15/45 levels left

rFire   . . .        i - +9 rapier
rCold   . . .        j - orb {*channel}
rNeg    . . .        w - +4 steam dragon scales
rPois   .            P - +0 helmet
rElec   .            V - +0 cloak {Will+}
rCorr   .            X - +2 pair of gloves {Dex+3}
SInv    +            S - +2 pair of boots {Stlth+}
Will    ++...        T - amulet of regeneration
Stlth   ++++         e - ring of wizardry
HPRegen 1.18/turn    Q - ring "Jufedo Basu" {Fly Str+4 Int+4 SInv}
MPRegen 0.27/turn

%: wizardry (x1), channel magic (20%)
@: corroded, flying, held
A: high MP 1, forlorn, divine attributes
a: no special abilities


You were on level 4 of the Spider Nest.
You visited 5 branches of the dungeon, and saw 27 of its levels.
You also visited: Gauntlet.

You collected 3263 gold pieces.
You spent 1499 gold pieces at shops.

Inventory:

Hand Weapons
 i - a +9 rapier (weapon)
Missiles
 a - 3 throwing nets
Armour
 f - the +1 cloak "Zohom" {rElec Stlth+}
   (You acquired it on level 1 of the Spider Nest)

   rElec:     It insulates you from electricity.
   Stlth:     It makes you more stealthy.
 j - an orb of energy (worn)
 w - +4 steam dragon scales (worn)
 P - a +0 helmet (worn)
 S - a +2 pair of boots of stealth (worn)
 V - a +0 cloak of willpower (worn)
 X - a +2 pair of gloves of dexterity (worn)
Magical Staves
 m - a staff of air
 E - a staff of cold
Jewellery
 e - a ring of wizardry (left hand)
 y - a +6 ring of intelligence
 z - a ring of resist corrosion
 F - a ring of ice
 G - a +5 ring of evasion
 K - a ring of see invisible
 Q - the ring "Jufedo Basu" (right hand) {Fly Str+4 Int+4 SInv}
   (You found it in a Gauntlet)

   [ring of flight]

   Str:       It affects your strength (+4).
   Int:       It affects your intelligence (+4).
   SInv:      It lets you see invisible.
   Fly:       It grants you flight.
 T - an amulet of regeneration (around neck)
 Y - the ring "Ukhlas" {Fire MP+9}
   (You took it off a tengu conjurer on level 14 of the Dungeon)

   [ring of fire]

   It enhances your fire magic.
   rF:        It protects you from fire.
   rC:        It makes you vulnerable to cold.
   MP:        It affects your magic capacity (+9).
Wands
 l - a wand of mindburst (9)
 p - a wand of paralysis (12)
 q - a wand of flame (28) (quivered)
 r - a wand of digging (12)
 v - a wand of light (12)
 L - a wand of roots (15)
 U - a wand of polymorph (10)
Scrolls
 b - 16 scrolls of identify
 c - 4 scrolls of teleportation
 d - 2 scrolls of immolation
 k - 8 scrolls of poison
 n - 6 scrolls of fog
 u - 3 scrolls of vulnerability
 A - 4 scrolls of magic mapping
 C - 2 scrolls of enchant weapon
 D - a scroll of amnesia
 H - 3 scrolls of fear
 I - a scroll of silence
 N - a scroll of summoning
Potions
 g - 14 potions of curing
 h - 2 potions of brilliance
 s - 4 potions of haste
 t - a potion of might
 x - 4 potions of cancellation
 B - 3 potions of resistance
 O - 2 potions of invisibility
Miscellaneous
 o - a piece from Xom's chessboard (15/15)


   Skills:
 - Level 5.0 Short Blades
 - Level 5.0 Armour
 - Level 10.5 Dodging
 - Level 5.0 Stealth
 * Level 14.6 Spellcasting
 - Level 15.0 Conjurations
 - Level 5.0 Translocations
 + Level 6.1 Fire Magic
 + Level 4.8 Ice Magic
 - Level 10.0 Air Magic
 - Level 10.0 Earth Magic
 - Level 5.1 Evocations


You had 15 spell levels left.
You knew the following spells:

 Your Spells              Type           Power      Damage    Failure   Level
a - Shock                 Conj/Air       100%       1d9       1%          1
b - Searing Ray           Conj           100%       2d8       1%          2
c - Iskenderun's Mystic   Conj/Tloc      88%        2d17      1%          4
d - Airstrike             Air            44%        2d(7-23)  1%          4
e - Stone Arrow           Conj/Erth      100%       3d13      1%          3
f - Iron Shot             Conj/Erth      48%        9d9       1%          6
g - Arcjolt               Conj/Air       48%        1d58      1%          5
h - Iskenderun's Battles  Conj           100%       2d15      1%          5

Your spell library contained the following spells:

 Spells                   Type           Power      Damage    Failure   Level
 Magic Dart               Conj           100%       1d8       1%          1
 Sting                    Tmut/Pois      100%       1d8       1%          1
 Cigotuvi's Dreadful Rot  Necr/Pois/Air  100%       N/A       1%          2
 Ensorcelled Hibernation  Hex/Ice        100%       N/A       1%          2
 Passwall                 Tmut/Erth      55%        N/A       1%          2
 Poisonous Vapours        Pois/Air       100%       N/A       1%          2
 Scorch                   Fire           100%       2d9       1%          2
 Dazzling Flash           Conj/Hex       100%       N/A       1%          3
 Hailstorm                Conj/Ice       88%        3d18      1%          3
 Swiftness                Air            88%        N/A       1%          3
 Flame Wave               Conj/Fire      90%        2d19      1%          4
 Fulminant Prism          Conj/Hex       39%        3d18      1%          4
 Lee's Rapid Deconstruct  Erth           44%        3d21*     1%          5
 Animate Armour           Summ/Erth      100%       N/A       2%          4
 Leda's Liquefaction      Hex/Erth       33%        N/A       2%          4
 Manifold Assault         Tloc           66%        N/A       2%          4
 Passage of Golubria      Tloc           66%        N/A       2%          4
 Petrify                  Tmut/Erth      66%        N/A       2%          4
 Irradiate                Conj/Tmut      39%        3d24      2%          5
 Tukima's Dance           Hex            32%        N/A       4%          3
 Ice Form                 Ice/Tmut       52%        N/A       4%          4
 Borgnjor's Vile Clutch   Necr/Erth      33%        N/A       4%          5
 Silence                  Hex/Air        33%        N/A       4%          5
 Cause Fear               Hex            16%        N/A       9%          4
 Dispel Undead            Necr           32%        3d14      9%          4
 Olgreb's Toxic Radiance  Pois           32%        N/A       9%          4
 Dispersal                Tloc           33%        N/A       14%         6
 Statue Form              Tmut/Erth      44%        N/A       14%         6
 Agony                    Necr           32%        N/A       21%         5
 Alistair's Intoxication  Tmut/Pois      21%        N/A       21%         5
 Blade Hands              Tmut           16%        N/A       21%         5
 Yara's Violent Unravell  Hex/Tmut       16%        3d8       21%         5
 Spellforged Servitor     Conj/Summ      39%        N/A       26%         7
 Lehudib's Crystal Spear  Conj/Erth      48%        10d12     26%         8
 Simulacrum               Ice/Necr       26%        N/A       32%         6
 Death Channel            Necr           16%        N/A       61%         6
 Eringya's Noxious Bog    Tmut/Pois      16%        N/A       61%         6
 Summon Cactus Giant      Summ           16%        N/A       61%         6
 Dragon Form              Tmut           16%        N/A       98%         7
 Disjunction              Tloc           33%        N/A       98%         8
 Dragon's Call            Summ           16%        N/A       100%        9


Dungeon Overview and Level Annotations

Branches:
Dungeon (15/15)            Temple (1/1) D:6            Lair (5/5) D:8
 Shoals (0/4) Lair:3       Spider (4/4) Lair:3        Slime (0/5) Lair:4
    Orc (2/2) D:12            Elf (0/3) Orc:2        Vaults (0/5) D:13
 Depths (0/4) D:15        Gauntlet (visited)

Shops:
D:11 :   D:13 *   Orc:2 *[*(

Portals:
Trove: D:15 (give 19 potions of curing)


Innate Abilities, Weirdness & Mutations

You have an increased reservoir of magic. (+10% MP)
You shall have no god before yourself.
Your divine heritage dramatically boosts your attributes as you level up.


Message History

The redback closely misses you.
Aiming: Throw Flame
Press: ? - help, Q - select action, (/) - cycle Shift-Dir - straight line The puff of flame misses the entropy weaver.
The puff of flame misses the wolf spider.
The redback bites you.
You are poisoned.
The redback poisons you! The entropy weaver hits you.
The entropy weaver hits you! x2; The entropy weaver barely misses you.
The redback barely misses you. The entropy weaver hits you!
The entropy weaver hits you.
The entropy weaver hits you but does no damage.
The entropy weaver hits you.
Casting: Stone Arrow (safe; 1% risk of failure)
Confirm with . or Enter, or press ? or * to list all spells.
You erupt in a blast of force!
The mystic blast hits the entropy weaver!
You kill the entropy weaver!
The mystic blast hits the redback!!
You kill the redback!
You feel extremely sick.
You feel better. The wolf spider barely misses you.
The wolf spider bites you but does no damage.
Magic courses through your body. The wolf spider hits you!!
* * * LOW HITPOINT WARNING * * *
The wolf spider bites you!
* * * LOW HITPOINT WARNING * * *
Casting: Iskenderun's Mystic Blast (mildly dangerous; 1% risk of failure)
Confirm with . or Enter, or press ? or * to list all spells.
You erupt in a blast of force!
The mystic blast hits the jumping spider!!
You kill the jumping spider!
The mystic blast hits the wolf spider!
The wolf spider is moderately wounded.
Magical energy flows into your mind! The wolf spider hits you.
* * * LOW HITPOINT WARNING * * *
The wolf spider bites you!
* * * LOW HITPOINT WARNING * * *
The wolf spider hits you!
You die...

^..^.......†......^##
#^#
.................^###
###
#...........†...####
####........#†..^#.###
##.......#.......^#
##..#^s.........##
####^..........#
##.s...^^.###
#.@......# ###..^##^#
########


You could see 2 wolf spiders.

Vanquished Creatures
  Jorgrun (Spider:2)
  Mlioglotl (Spider:1)
  Rupert (Orc:2)
  Gastronok (Lair:3)
  Kirke (D:13)
  Roxanne (Spider:2)
  2 emperor scorpions (Spider:3)
  A ghost moth (Spider:3)
  An orc warlord (Orc:1)
  2 broodmothers
  Nessos (D:12)
  3 dire elephants (Lair:5)
  2 spark wasps (Spider:3)
  The ghost of Zippel the Nimble, a journeyman MfEn of Sif Muna (Lair:5)
  A minotaur (Gauntlet)
  An ettin (D:15)
  6 entropy weavers
  A great orb of eyes (Lair:2)
  The ghost of ripuliukko the Eclecticist, a journeyman DEEE of Vehumet (Lair:2)
  Fannar (Lair:2)
  2 vault guards
  Harold (D:10)
  Erolcha (Orc:1)
  3 hydras
  An ogre mage (D:15)
  A radroach (Spider:2)
  3 jorogumos
  Erica (Orc:1)
  6 centaur warriors
  6 boulder beetles
  A death scarab (Gauntlet)
  2 catoblepae
  3 tengu warriors
  4 two-headed ogres
  Urug (D:10)
  Nergalle (Lair:2)
  The ghost of ChadusMaximus the Cleaver, a novice MiFi of Okawaru (D:8)
  An orc high priest (Orc:2)
  Sonja (Lair:4)
  7 death yaks
  2 deep elf knights (D:14)
  A fire crab (shapeshifter) (D:14)
  A skyshark (Lair:3)
  The ghost of infcreate the Skirmisher, a novice DEHu of Makhleb (D:10)
  4 pharaoh ants
  Lodul (D:12)
  2 spectral death yaks
  A spectral anaconda (Lair:5)
  8 skeletal warriors
  A sun moth (Spider:1)
  5 orb spiders
  2 steelbarb worms
  2 deep elf archers (D:14)
  5 lindwurms
  An obsidian statue (Lair:5)
  A wizard (D:15)
  A harpy (shapeshifter) (D:13)
  20 wolf spiders
  6 deep elf zephyrmancers (D:14)
  4 necromancers (Lair:5)
  An orc knight (Orc:2)
  9 deep elf pyromancers
  14 orc sorcerers
  14 ugly things
  6 cyclopes
  5 manticores
  4 moths of wrath
  32 elephants
  9 demonic crawlers
  2 torpor snails
  4 gargoyles (D:12)
  4 black mambas
  17 cane toads
  A cane toad (shapeshifter) (D:15)
  2 minotaur zombies (Gauntlet)
  6 rime drakes
  An ice devil (Gauntlet)
  10 komodo dragons
  2 tengu conjurers
  A kobold demonologist (D:10)
  2 freezing wraiths
  A queen bee (D:8)
  14 tarantellas
  6 meliai (Gauntlet)
  9 trolls
  5 polar bears
  2 hornets (Lair:5)
  Prince Ribbit (D:6)
  18 blink frogs
  A snapping turtle (Lair:3)
  6 dream sheep (Lair:5)
  Sigmund (D:3)
  5 slime creatures
  2 spriggans (Lair:5)
  30 jumping spiders
  18 culicivoras
  A ynoxinul (D:10)
  3 wraiths
  7 basilisks
  9 wyverns
  13 vampire mosquitoes
  A steam dragon (D:7)
  44 yaks
  4 hogs
  A death yak simulacrum (Lair:5)
  56 redbacks
  A spectral cane toad (Lair:5)
  10 wargs
  3 acid dragons
  Duvessa (D:7)
  10 water moccasins
  A meliai simulacrum (D:15)
  An ice beast (D:7)
  26 orc warriors
  A sky beast (D:8)
  2 black bears
  16 ogres
  A boggart (Lair:5)
  20 wolves
  6 centaurs
  2 phantoms
  2 kobold brigands
  10 bullfrogs
  3 gnoll sergeants
  4 scorpions
  12 wights
  Dowan (D:7)
  18 killer bees
  An elephant simulacrum (Lair:5)
  5 electric eels
  9 howler monkeys
  4 hounds (D:4)
  20 orc priests
  4 gnoll boudas
  18 jellies
  A sleepcap (D:6)
  3 iguanas
  Natasha (thrice) (D:3)
  41 orc wizards
  9 hell rats (Lair:1)
  28 gnolls
  6 adders
  17 river rats (Lair:1)
  5 white imps
  2 ufetubi
  4 worms
  3 dart slugs
  104 orcs
  10 endoplasms
  3 giant cockroaches
  15 goblins
  4 hobgoblins
  20 kobolds
  11 quokkas
  11 ball pythons
  5 bats
  5 frilled lizards
  12 rats
1084 creatures vanquished.

Vanquished Creatures (collateral kills)
  A radroach (Spider:2)
  An orb spider (Spider:2)
  A demonic crawler (Spider:2)
  A jumping spider (Spider:4)
  4 redbacks
8 creatures vanquished.

Vanquished Creatures (others)
  A redback (Spider:2)
1 creature vanquished.

Grand Total: 1093 creatures vanquished

Notes
Turn   | Place    | Note
-------+----------+-------------------------------------------
     0 | D:1      | Anriel the Demigod Conjurer began the quest for the Orb.
     0 | D:1      | Reached XP level 1. HP: 14/14 MP: 5/5
   315 | D:1      | Reached XP level 2. HP: 15/20 MP: 0/7
   583 | D:1      | Learned a level 2 spell: Searing Ray
  1078 | D:2      | Reached XP level 3. HP: 26/26 MP: 4/9
  2213 | D:3      | Noticed Natasha
  2341 | D:3      | Killed Natasha
  2342 | D:3      | Reached XP level 4. HP: 24/33 MP: 7/11
  2347 | D:3      | Learned a level 4 spell: Iskenderun's Mystic Blast
  2373 | D:3      | Noticed Natasha
  2380 | D:3      | Killed Natasha
  2380 | D:3      | Noticed Sigmund
  2391 | D:3      | Killed Sigmund
  2392 | D:3      | Reached XP level 5. HP: 28/38 MP: 3/12
  2551 | D:3      | Noticed Natasha
  2561 | D:3      | Killed Natasha
  2562 | D:3      | Reached XP level 6. HP: 35/45 MP: 7/13
  2604 | D:3      | Noticed a spectral ugly thing
  3310 | D:4      | Reached skill level 4 in Conjurations
  3484 | D:4      | Reached XP level 7. HP: 50/50 MP: 12/14
  3852 | D:4      | Reached skill level 5 in Conjurations
  4291 | D:5      | Entered Level 5 of the Dungeon
  4374 | D:5      | Reached skill level 1 in Air Magic
  4608 | D:5      | Reached skill level 5 in Stealth
  5459 | D:6      | Noticed Prince Ribbit
  5483 | D:6      | Reached XP level 8. HP: 33/57 MP: 11/16
  5499 | D:6      | Killed Prince Ribbit
  5500 | D:6      | Reached skill level 5 in Dodging
  5574 | D:6      | Learned a level 4 spell: Airstrike
  5792 | D:6      | Reached skill level 1 in Short Blades
  6324 | D:6      | Found a staircase to the Ecumenical Temple.
  6331 | Temple   | Entered the Ecumenical Temple
  6752 | D:7      | Learned a level 3 spell: Stone Arrow
  7036 | D:7      | Reached skill level 5 in Translocations
  7170 | D:7      | Noticed Duvessa
  7171 | D:7      | Reached skill level 1 in Earth Magic
  7184 | D:7      | Noticed Dowan
  7186 | D:7      | Killed Duvessa
  7360 | D:7      | Reached XP level 9. HP: 62/62 MP: 14/19
  7366 | D:7      | Killed Dowan
  7866 | D:7      | Reached skill level 5 in Spellcasting
  8327 | D:8      | Noticed ChadusMaximus's ghost (novice MiFi)
  8503 | D:8      | Reached skill level 5 in Earth Magic
  8511 | D:8      | Reached skill level 5 in Air Magic
  8536 | D:8      | Found a transporter.
  8536 | D:8      | Found a transporter.
  8776 | D:8      | Reached skill level 1 in Evocations
  8850 | D:8      | Found a staircase to the Lair.
  8951 | D:8      | Reached XP level 10. HP: 69/69 MP: 10/22
  9294 | D:8      | Reached skill level 6 in Conjurations
  9766 | D:9      | Noticed a cyclops
  9772 | D:9      | Killed a cyclops
  9874 | D:9      | Identified the +0 robe of Sandy Surprise {Harm Will- Int+4
                  | Dex+2}
 10167 | D:9      | Reached skill level 7 in Conjurations
 11008 | D:10     | Entered Level 10 of the Dungeon
 11177 | D:10     | Found a runed translucent door.
 11182 | D:10     | Noticed infcreate's ghost (novice DEHu)
 11226 | D:10     | Reached skill level 8 in Conjurations
 11765 | D:10     | Noticed Harold
 11771 | D:10     | Killed Harold
 11772 | D:10     | Reached XP level 11. HP: 55/74 MP: 8/25
 11981 | D:10     | Noticed Urug
 12077 | D:10     | Killed Urug
 12691 | D:11     | Learned a level 1 spell: Shock
 12718 | D:11     | Noticed a boulder beetle
 12729 | D:11     | Killed a boulder beetle
 12730 | D:11     | Reached skill level 9 in Conjurations
 12730 | D:11     | Reached skill level 5 in Evocations
 12973 | D:11     | Found Gakhuakk's Book Shop.
 12987 | D:11     | Bought a book of Power for 546 gold pieces
 12994 | D:11     | Learned a level 6 spell: Iron Shot
 13565 | D:12     | Noticed a two-headed ogre
 13571 | D:12     | Killed a two-headed ogre
 13691 | D:12     | Noticed a boulder beetle
 13700 | D:12     | Killed a boulder beetle
 13814 | D:12     | Reached skill level 10 in Conjurations
 13900 | D:12     | Noticed Nessos
 13912 | D:12     | Killed Nessos
 14238 | D:12     | Found a staircase to the Orcish Mines.
 14654 | D:12     | Noticed a boulder beetle
 14665 | D:12     | Killed a boulder beetle
 14818 | D:12     | Noticed Lodul
 14828 | D:12     | Killed Lodul
 15152 | D:12     | Reached XP level 12. HP: 42/81 MP: 11/28
 15661 | D:8      | Killed ChadusMaximus's ghost
 15828 | D:10     | Killed infcreate's ghost
 15912 | D:10     | Got the Writings on the Tektite
 15970 | D:13     | Found a frozen archway.
 16107 | D:13     | Noticed a centaur warrior
 16348 | D:13     | Found a gate leading to a gauntlet.
 16354 | Gauntlet | Entered a Gauntlet
 16354 | Gauntlet | Found a transporter.
 16354 | Gauntlet | Found a runed translucent door.
 16358 | Gauntlet | Found a runed translucent door.
 16360 | Gauntlet | Found a transporter.
 16364 | Gauntlet | Found a transporter.
 16368 | Gauntlet | Found a runed translucent door.
 16368 | Gauntlet | Found a runed translucent door.
 16372 | Gauntlet | Found a transporter.
 16376 | Gauntlet | Found a transporter.
 16388 | Gauntlet | Found a transporter.
 16392 | Gauntlet | Found a transporter.
 16400 | Gauntlet | Found a transporter.
 16401 | Gauntlet | Found a transporter.
 16408 | Gauntlet | Found a transporter.
 16435 | Gauntlet | Found a transporter.
 16447 | Gauntlet | Found a transporter.
 16459 | Gauntlet | Found a transporter.
 16471 | Gauntlet | Found a transporter.
 16957 | Gauntlet | Identified the ring "Jufedo Basu" {Fly Str+4 Int+4 SInv}
 17211 | Gauntlet | Noticed a minotaur
 17215 | Gauntlet | Killed a minotaur
 17220 | Gauntlet | Got the Book of the Inconstant Atmosphere
 17625 | D:13     | Found Nehyq's Specific Store.
 17706 | D:13     | Found Dioxtiw's General Store.
 17759 | D:13     | Bought a scroll of enchant armour for 97 gold pieces
 17759 | D:13     | Bought a scroll of enchant armour for 97 gold pieces
 17759 | D:13     | Bought a +2 pair of gloves of dexterity for 279 gold pieces
 17837 | D:13     | Noticed Kirke
 17865 | D:13     | Killed a centaur warrior
 18815 | D:13     | Noticed a centaur warrior
 18819 | D:13     | Killed a centaur warrior
 18820 | D:13     | Reached XP level 13. HP: 85/86 MP: 24/31
 18920 | D:13     | Found a gate to the Vaults.
 18926 | D:13     | Reached skill level 10 in Earth Magic
 19249 | D:13     | Killed Kirke
 19445 | D:13     | Learned a level 3 spell: Swiftness
 19635 | D:14     | Reached skill level 10 in Spellcasting
 20888 | D:14     | Identified the ring "Ukhlas" {Fire MP+9}
 21232 | D:14     | You are sucked into a shaft and drop 1 floor!
 21232 | D:15     | Entered Level 15 of the Dungeon
 21704 | D:14     | Learned a level 5 spell: Arcjolt
 21825 | D:15     | Reached XP level 14. HP: 93/93 MP: 22/33
 22350 | D:15     | Found a portal to a secret trove of treasure.
 22391 | D:15     | Reached skill level 10 in Dodging
 23017 | D:15     | Reached skill level 10 in Air Magic
 23098 | D:15     | Found a staircase to the Depths.
 23268 | D:15     | Identified the ring of Beqycoj {rC+ Str+6 SInv}
 24351 | D:13     | Bought a potion of curing for 42 gold pieces
 24444 | Lair:1   | Entered Level 1 of the Lair of Beasts
 25628 | Lair:1   | Reached skill level 11 in Conjurations
 25963 | Lair:2   | Noticed Nergalle
 25974 | Lair:2   | Killed Nergalle
 26564 | Lair:2   | Found a runed translucent gate.
 26564 | Lair:2   | Found a runed translucent gate.
 26564 | Lair:2   | Found a runed translucent gate.
 26570 | Lair:2   | Noticed ripuliukko's ghost (journeyman DEEE)
 26612 | Lair:2   | Noticed Fannar
 26617 | Lair:2   | Killed Fannar
 27422 | Lair:3   | Noticed Gastronok
 27434 | Lair:3   | Killed Gastronok
 27435 | Lair:3   | Reached XP level 15. HP: 99/99 MP: 7/35
 27742 | Lair:3   | Reached skill level 12 in Conjurations
 28159 | Lair:3   | Reached skill level 5 in Short Blades
 28278 | Lair:3   | Found a staircase to the Shoals.
 28363 | Lair:3   | Found a hole to the Spider Nest.
 28921 | Lair:4   | Reached skill level 1 in Armour
 28963 | Lair:4   | Found a staircase to the Slime Pits.
 29054 | Lair:4   | Noticed Sonja
 29080 | Lair:4   | Killed Sonja
 29503 | Lair:5   | Entered Level 5 of the Lair of Beasts
 30643 | Lair:5   | Reached skill level 13 in Conjurations
 30660 | Lair:5   | Found a runed translucent door.
 32068 | Lair:5   | Learned a level 5 spell: Iskenderun's Battlesphere
 32242 | Lair:5   | Noticed Zippel's ghost (journeyman MfEn)
 32247 | Lair:5   | Identified the +7 spear "Eqouhaps" {heavy, Will+ Stlth+}
 32252 | Lair:5   | Killed Zippel's ghost
 32908 | Lair:2   | Killed ripuliukko's ghost
 32934 | Lair:2   | Identified the +7 morningstar of Bloody Death {flame, *Slow
                  | rC+++ Will+ rCorr}
 33814 | Orc:1    | Entered Level 1 of the Orcish Mines
 34510 | Orc:1    | Noticed Erolcha
 34520 | Orc:1    | Killed Erolcha
 34521 | Orc:1    | Reached skill level 14 in Conjurations
 34714 | Orc:1    | Noticed Erica
 34716 | Orc:1    | Killed Erica
 34824 | Orc:2    | Entered Level 2 of the Orcish Mines
 34824 | Orc:2    | Found a staircase to the Elven Halls.
 35016 | Orc:2    | Reached XP level 16. HP: 76/105 MP: 20/38
 35108 | Orc:2    | Reached skill level 5 in Armour
 35229 | Orc:2    | Found Dawuule's Assorted Antiques.
 35229 | Orc:2    | Found Rooq's Weapon Boutique.
 35246 | Orc:2    | Noticed Rupert
 35630 | Orc:2    | Reached skill level 1 in Fire Magic
 36418 | Orc:2    | Killed Rupert
 36632 | Orc:2    | Found Vehing's General Store.
 36632 | Orc:2    | Found Fasirr's Armour Boutique.
 36646 | Orc:2    | Bought a +2 cloak of stealth for 236 gold pieces
 36697 | Orc:2    | Bought a pair of glowing boots for 202 gold pieces
 37192 | Spider:1 | Entered Level 1 of the Spider Nest
 37937 | Spider:1 | Identified a scroll of acquirement
 37973 | Spider:1 | Acquired the +1 cloak "Zohom" {rElec Stlth+}
 38574 | Spider:1 | Noticed Mlioglotl
 38582 | Spider:1 | Reached skill level 15 in Conjurations
 38582 | Spider:1 | Killed Mlioglotl
 38931 | Spider:2 | Reached skill level 1 in Ice Magic
 39094 | Spider:2 | Identified Roxanne's Collected Works on the Plateau
 39094 | Spider:2 | Noticed Roxanne
 39101 | Spider:2 | Killed Roxanne
 40044 | Spider:2 | Noticed Jorgrun
 40046 | Spider:2 | Killed Jorgrun
 40869 | Spider:3 | Reached skill level 5 in Fire Magic
 42188 | Spider:4 | Entered Level 4 of the Spider Nest
 42335 | Spider:4 | Reached XP level 17. HP: 82/111 MP: 20/40
 43187 | Spider:4 | HP: 4/111 [wolf spider (13)]
 43187 | Spider:4 | Mangled by a wolf spider

Illustrated notes

Levels and vault maps discovered:
D:1:      dpeg_arrival_court, layout_rooms, chequers_ecumenical_altar_simple
D:2:      layout_basic
D:3:      layout_rooms, regret_index_temple_of_mockery,
          nicolae_overflow_ecumenical_swirl, nemelex_altar_shiori,
          minmay_pentomino_pile, uniq_sigmund, uniq_natasha
D:4:      layout_gridville
D:5:      layout_basic, nicolae_eternal_life
D:6:      nicolae_cairo_tiling_very_big, layout_loops_ring,
          mainiacjoe_overflow_cross_hatched, temple_green, uniq_prince_ribbit1
D:7:      layout_cave_pools, mainiacjoe_overflow_chevrons, nrook_mini_backslash,
          serial_bayou_crossing, uniq_duvessa
D:8:      layout_cave_pools, erik_lair_orcish_takeover, gammafunk_ghost_hive
D:9:      layout_layer_cave, okawaru_trees_2, minmay_misc_feat_diagonals,
          hangedman_abyss_or_decor_clamps
D:10:     layout_loops_ring, fedhas_altar_4, hellmonk_ghost_big_iron,
          grunt_decor_arrowhead, kennysheep_generic_room_5, uniq_harold,
          uniq_urug
D:11:     layout_loops_ring, serial_shops, shop,
          hangedman_abyss_or_decor_jellyfish_corner
D:12:     layout_irregular_city, hiddenorc2_lemuel, uniq_nessos, uniq_lodul
D:13:     layout_irregular_city, david_vaults_5, gauntlet_entry_generic,
          portal_ice_cave_rime, nicolae_specific_store,
          hangedman_abyss_or_decor_stagger, minivault_5, trog_hazing_becter,
          uniq_kirke
D:14:     minmay_elf_outpost, layout_loops_ring, minmay_misc_feat_four_crosses,
          minmay_misc_feat_square
D:15:     hangedman_depths_entry_civil_slaughter, layout_basic, enter_trove_5,
          minmay_lindwurm_lava
Temple:   minmay_temple_curvy_branch
Lair:1:   lemuel_ratsnest, layout_hall_layers, st_stairs_4
Lair:2:   layout_roguey, gammafunk_ghost_ooze, beast_lair_carwin_6,
          grunt_megastairs_4, uniq_fannar, uniq_nergalle
Lair:3:   layout_gridlike, minmay_shoals_entry_hut,
          spider_nest_entry_funnel_web, guppyfry_lair_drakes, uniq_gastronok
Lair:4:   layout_big_grid, minmay_slime_entry_jelly_boxes, serial_bayou_shore_a,
          uniq_sonja
Lair:5:   due_jungle_book, layout_small_grid, ebering_ghost_funeral_grove
Spider:1: layout_spider_delve, hangedman_spider_mandibles,
          nicolae_spider_checkerboard, uniq_mlioglotl
Spider:2: layout_spider_delve, uniq_jorgrun, uniq_roxanne
Spider:3: layout_spider_delve
Spider:4: grunt_spider_rune_circles
Orc:1:    layout_diamond_mine, basic_altar, guppyfry_library_mini, uniq_erica,
          uniq_erolcha
Orc:2:    st_orc_town, layout_caves, basic_altar, minmay_orc_keep, uniq_rupert

Skill      XL: |  1  2  3  4  5  6  7  8  9 10 11 12 13 14 15 16 17 |
---------------+----------------------------------------------------+-----
Spellcasting   | 2 3 4 5 7 8 9 10 11 12 14 | 14.6
Stealth        | 2 3 4 5 |  5.0
Dodging        | 2 3 4 5 6 8 9 10 | 10.5
Translocations | 2 3 5 |  5.0
Conjurations   | 4 5 8 10 11 14 15 | 15.0
Air Magic      | 2 3 5 8 10 | 10.0
Short Blades   | 2 4 5 |  5.0
Earth Magic    | 2 5 6 9 10 | 10.0
Evocations     | 1 4 5 |  5.1
Armour         | 4 5 |  5.0
Fire Magic     | 5 6 |  6.1
Ice Magic      | 4 |  4.8

Action                     |  1- 3 |  4- 6 |  7- 9 | 10-12 | 13-15 | 16-18 || total
---------------------------+-------+-------+-------+-------+-------+-------++-------
  Melee: Dagger            |    21 |     6 |     7 |       |       |       ||    34
         Unarmed           |     3 |       |       |       |       |       ||     3
         Rapier            |       |       |    17 |    70 |   389 |   171 ||   647
         Staff             |       |       |       |       |     2 |       ||     2
  Throw: Throwing net      |       |       |     3 |    10 |       |     2 ||    15
   Cast: Magic Dart        |    86 |    65 |   138 |    59 |       |       ||   348
         Searing Ray       |     2 |    12 |    27 |     4 |     4 |     1 ||    50
         Iskenderun's Myst |       |       |     3 |    37 |    38 |    36 ||   114
         Airstrike         |       |       |    46 |    35 |    25 |     2 ||   108
         Stone Arrow       |       |       |    38 |   206 |   256 |   209 ||   709
         Shock             |       |       |       |   124 |   233 |   150 ||   507
         Iron Shot         |       |       |       |    43 |   200 |   126 ||   369
         Arcjolt           |       |       |       |       |    47 |    19 ||    66
         Iskenderun's Batt |       |       |       |       |     3 |     2 ||     5
  Evoke: Wand              |       |       |     2 |    11 |     8 |    14 ||    35
    Use: Scroll            |     5 |     5 |    10 |    22 |     7 |    13 ||    62
         Potion            |       |       |     5 |     9 |     4 |     8 ||    26
   Stab: Sleeping          |     2 |     1 |     3 |     1 |    13 |     1 ||    21
         Distracted        |       |       |       |     1 |       |       ||     1
         Invisible         |       |       |       |       |     2 |       ||     2
 Armour: Robe              |     7 |     4 |    11 |       |       |       ||    22
         Steam dragon scal |       |       |     7 |    71 |   231 |   156 ||   465
  Dodge: Dodged            |    18 |    18 |    56 |   232 |   527 |   288 ||  1139
